 Dungeon Crawl Stone Soup version 0.31-a0-278-g485e682e34 (webtiles) character file.

Game seed: 5111856822221851579

45 BritishOli the Trooper (level 3, 0/29 HPs)
             Began as a Demonspawn Fighter on July 16, 2023.
             Slain by Sigmund
             ... wielding a +0 scythe
              (4 damage)
             ... on level 2 of the Dungeon.
             The game lasted 00:02:09 (1289 turns).

BritishOli the Trooper (Demonspawn Fighter)         Turns: 1289, Time: 00:02:10

Health: 0/29       AC:  7    Str: 18    XL:     3   Next: 42%
Magic:  3/3        EV: 14    Int:  9    God:
Gold:   57         SH:  8    Dex: 12    Spells: 2/2 levels left

rFire   . . .        p - +0 long sword
rCold   . . .        c - +0 buckler
rNeg    . . .        b - +0 scale mail
rPois   .            (no helmet)
rElec   .            (no cloak)
rCorr   .            l - +0 pair of gloves
SInv    .            (no boots)
Will    .....        (no amulet) Stlth
                     (no ring)
HPRegen 0.24/turn    (no ring)
MPRegen 0.08/turn

%: no passive effects
@: agile
A: powered by pain 1, condensation shield
a: no special abilities


You were on level 2 of the Dungeon.
You visited 1 branch of the dungeon, and saw 2 of its levels.

You collected 57 gold pieces.

Inventory:

Hand Weapons
 p - a +0 long sword (weapon)
Armour
 b - a +0 scale mail (worn)
 c - a +0 buckler (worn)
 l - a +0 pair of gloves (worn)
Jewellery
 j - a +6 ring of intelligence
Scrolls
 e - a scroll of torment {unknown}
 g - a scroll of enchant weapon {unknown}
 h - a scroll of silence {unknown}
 o - a scroll of identify {unknown}
Potions
 d - a potion of might
 f - 3 potions of haste {unknown}
 i - a potion of cancellation {unknown}
 k - 3 potions of curing {unknown}
 m - 2 potions of degeneration {unknown}
 n - 2 potions of mutation {unknown}


   Skills:
 + Level 3.4 Fighting
 + Level 2.3 Long Blades
 + Level 3.1 Armour
 + Level 3.1 Shields


You had 2 spell levels left.
You didn't know any spells.
Your spell library contained the following spells:

 Spells                   Type           Power      Damage    Failure   Level
 Poisonous Vapours        Pois/Air       0%         N/A       94%         2
 Mephitic Cloud           Conj/Pois/Air  0%         N/A       99%         3
 Ozocubu's Armour         Ice            0%         N/A       99%         3
 Freezing Cloud           Conj/Ice/Air   0%         6-21      100%        5
 Metabolic Englaciation   Hex/Ice        0%         N/A       100%        5
 Simulacrum               Ice/Necr       0%         N/A       100%        6


Dungeon Overview and Level Annotations

Branches:
Dungeon (2/15)

Altars:

Annotations:
D:2 Sigmund


Innate Abilities, Weirdness & Mutations

You sometimes gain a little power by taking damage.
A meltable shield of frost defends you. (SH +4)


Message History

A rat is nearby!
You block the rat's attack.
A rat is nearby!
You closely miss the rat. The rat bites you but does no damage.
A rat is nearby!
You hit the rat.
The rat is moderately wounded.
The rat bites you. The rat bites you but does no damage.
A rat is nearby!
A rat is nearby!
You hit the rat.
You kill the rat!
No target in view!
You see here a rat corpse.
You now have 57 gold pieces (gained 11).
Sigmund the Dreaded comes into view.
He is wielding a +0 scythe and wearing a +2 robe of willpower.
Sigmund shouts!
A quokka comes into view.
Sigmund mumbles some strange words.
Sigmund flickers and vanishes!
Deactivating autopickup; reactivate with Ctrl-A.
Something hits you. The quokka bites you.
You closely miss the quokka. The quokka barely misses you.
Something hits you but does no damage.
You slash the quokka!
You kill the quokka!
Something hits you!
You see here a quokka corpse.
Something hits you. Something hits you!
* * * LOW HITPOINT WARNING * * *
You focus on the pain.
You feel agile all of a sudden. Something hits you.
* * * LOW HITPOINT WARNING * * *
A magic dart appears from out of thin air!
The magic dart hits you.
* * * LOW HITPOINT WARNING * * *
Something hits you.
You die...

#.####
#....#
#....#
#.... #...
#.. #.# #.#
#@#
#.#########
#######
#{........#
#.....#
#.........#
#..)#.#.#
#.........#
###.#.#..
#.........#
..#.#.#
#.........#
#####.#..
##........#
...#.#.#
#........#


There were no monsters in sight!

Vanquished Creatures
  An adder (D:2)
  A dart slug (D:2)
  5 ball pythons
  4 bats (D:1)
  5 endoplasms
  2 giant cockroaches (D:1)
  3 hobgoblins (D:1)
  2 kobolds (D:2)
  2 quokkas (D:2)
  A frilled lizard (D:2)
  3 goblins
  4 rats
33 creatures vanquished.

Notes
Turn   | Place    | Note
-------+----------+-------------------------------------------
     0 | D:1      | BritishOli the Demonspawn Fighter began the quest for the
                  | Orb.
     0 | D:1      | Reached XP level 1. HP: 18/18 MP: 1/1
   233 | D:1      | Gained mutation: A meltable shield of frost defends you.
                  | (SH +4) [demonic ancestry]
   233 | D:1      | Reached XP level 2. HP: 24/24 MP: 2/2
   997 | D:2      | Gained mutation: You sometimes gain a little power by
                  | taking damage. [demonic ancestry]
   997 | D:2      | Reached XP level 3. HP: 13/29 MP: 3/3
  1271 | D:2      | Noticed Sigmund
  1289 | D:2      | Slain by Sigmund

Illustrated notes

Levels and vault maps discovered:
D:1:      eino_arrival_water_star, layout_loops_ring
D:2:      layout_basic, st_stairs_3, kennysheep_generic_room_3, uniq_sigmund

Skill      XL: |  1  2 |
---------------+-------+-----
Long Blades    | 2 |  2.3
Shields        | 3 |  3.1
Armour         | 3 |  3.1
Fighting       | |  3.4

Action                     || total
---------------------------++-------
  Melee: Long sword        ||    93
 Armour: Scale mail        ||    42
  Dodge: Dodged            ||    35
  Block: Buckler           ||    37

Table legend: (Time is in decaauts)
 A = Elapsed time spent in this place.
 B = Non-inter-level travel time spent in this place.
 C = Inter-level travel time spent in this place.
 D = Time resting spent in this place.
 E = Time spent auto-exploring this place.
 F = Levels seen in this place.
 G = Mean time per level.
                   A        B        C        D        E       F      G
               +--------+--------+--------+--------+--------+-----+--------+
         Total |   1320 |   1166 |    154 |     63 |    842 |   2 |  660.0 |
       Dungeon |   1320 |   1166 |    154 |     63 |    842 |   2 |  660.0 |
               +--------+--------+--------+--------+--------+-----+--------+

Top non-repeatable levels by time:
     D:1: 851 daAuts
     D:2: 469 daAuts
